 Dungeon Crawl Stone Soup version 0.19.1 (webtiles) character file.

196 spooks32 the Conjurer (level 5, 0/49 HPs)
             Began as a Naga Wizard on Dec 21, 2016.
             Slain by Blork the orc
             ... wielding a +0 hand axe
              (2 damage)
             ... on level 5 of the Dungeon.
             The game lasted 00:18:48 (4344 turns).

spooks32 the Conjurer (Naga Wizard)                 Turns: 4344, Time: 00:18:48

Health: 0/49       AC:  9    Str: 14    XL:     5   Next: 74%
Magic:  6/10       EV:  9    Int: 19    God:
Gold:   79         SH:  0    Dex: 10    Spells: 5 memorised, 0 levels left

rFire  . . .     SeeInvis +     o - +0 morningstar
rCold  . . .     Gourm    .     n - +2 leather armour {MR+}
rNeg   . . .     Faith    .     (no shield)
rPois  +         Spirit   .     b - +1 hat
rElec  .         Reflect  .     j - +2 cloak
rCorr  .         Harm     .     (no gloves)
MR     +....                    (no barding)
Stlth  ++........               (no amulet)
                                (no ring)
                                (no ring)

@: mighty, drained, very slow
A: see invisible, deformed body, poison resistance, slowness 2, slow metabolism
1, spit poison 1, AC +1
a: Spit Poison


You were on level 5 of the Dungeon.
You were full.

You visited 1 branch of the dungeon, and saw 5 of its levels.

You collected 79 gold pieces.

Inventory:

Hand Weapons
 g - a +0 club
 h - a +0 mace
 o - a +0 morningstar (weapon)
Armour
 b - a +1 hat (worn)
 j - a +2 cloak (worn)
 n - a +2 leather armour of magic resistance (worn)
Jewellery
 k - an uncursed ring of protection from cold {unknown}
Wands
 d - a wand of flame (19/48)
 f - a wand of flame (23/48)
 i - a wand of random effects (12/48)
 l - a wand of iceblast (4/15)
 q - a wand of random effects (34/48)
Potions
 r - 2 potions of ambrosia {unknown}
 t - a potion of might
 u - a potion of berserk rage {unknown}
Books
 c - a book of Minor Magic

   Spells                             Type                      Level
   a - Magic Dart                     Conjuration                  1
   b - Blink                          Translocation                2
   c - Call Imp                       Summoning                    2
   d - Repel Missiles                 Charms/Air                   2
   e - Slow                           Hexes                        2
   f - Conjure Flame                  Conjuration/Fire             3
   g - Mephitic Cloud                 Conjuration/Poison/Air       3
Comestibles
 a - a beef jerky
 m - 2 bread rations


   Skills:
 * Level 3.1(2.2) Fighting
 - Level 0.2(0.0) Maces & Flails
 - Level 1.5(0.7) Dodging
 - Level 3.0(2.1) Stealth
 - Level 3.3(2.4) Spellcasting
 + Level 3.8(2.8) Conjurations
 - Level 1.1(0.2) Summonings
 - Level 1.0(0.1) Translocations


You couldn't memorise any spells.
You knew the following spells:

 Your Spells              Type           Power        Failure   Level  Hunger
a - Magic Dart            Conj           ##..         8%          1    #......
b - Blink                 Tloc           N/A          34%         2    ##.....
c - Call Imp              Summ           #.......     34%         2    ##.....
d - Repel Missiles        Chrm/Air       #.....       34%         2    ##.....
e - Mephitic Cloud        Conj/Pois/Air  #.......     41%         3    ###....


Dungeon Overview and Level Annotations

Branches:
Dungeon (5/15)
 Temple: D:4-7

Altars:
Trog

Annotations:
D:4 Edmund
D:5 Blork the orc


Innate Abilities, Weirdness & Mutations

You cannot wear boots.
Your serpentine skin is tough. (AC +1)
You have supernaturally acute eyesight. (SInv)
Armour fits poorly on your strangely shaped body.
Your system is resistant to poisons. (rPois)
You cover ground very slowly.
You have a slow metabolism.
You can spit poison.


Message History

The magic dart hits Blork the orc.
Blork the orc is heavily wounded.
Blork the orc barely misses you.
Blork the orc screams, "I'll eat your brain!
And then I'll vomit it back up!"
Blork the orc mumbles some strange words.
Blork the orc seems to speed up.
Blork the orc hits you but does no damage.
Blork the orc hits you with a hand axe.
* * * LOW HITPOINT WARNING * * *
There is a stone staircase leading up here.
You closely miss Blork the orc.
Blork the orc is heavily wounded.
Blork the orc hits you with a hand axe!
* * * LOW HITPOINT WARNING * * *
Blork the orc hits you with a hand axe.
* * * LOW HITPOINT WARNING * * *
Your leather armour prevents you from hitting Blork the orc.
Blork the orc is heavily wounded.
Blork the orc hits you with a hand axe.
You die... ...#.########### #..<....@o.....# ##.#.#########.#

You could see Blork the orc.

Vanquished Creatures
  The ghost of spooks32 the Conjurer, a weakling TeWz (D:3)
  A hound skeleton (D:4)
  5 adders
  A worm (D:2)
  2 dart slugs
  2 leopard geckos (D:1)
  3 orcs (D:3)
  11 bats
  2 giant cockroaches
  9 goblins
  8 hobgoblins
  3 jackals (D:1)
  6 kobolds
  4 quokkas
  A ball python skeleton (D:4)
  6 frilled lizards
  A jackal skeleton (D:4)
  10 rats
76 creatures vanquished.

Vanquished Creatures (collateral kills)
  Terence (D:3)
  A goblin (D:1)
2 creatures vanquished.

Grand Total: 78 creatures vanquished

Notes
Turn   | Place    | Note
-------+----------+-------------------------------------------
     0 | D:1      | spooks32 the Naga Wizard began the quest for the Orb.
     0 | D:1      | Reached XP level 1. HP: 15/15 MP: 4/4
   361 | D:1      | Reached XP level 2. HP: 24/24 MP: 3/6
   393 | D:1      | Learned a level 2 spell: Blink
   396 | D:1      | Learned a level 2 spell: Call Imp
   399 | D:1      | Learned a level 2 spell: Repel Missiles
   780 | D:1      | Reached skill level 1 in Fighting
  1223 | D:1      | Reached XP level 3. HP: 31/31 MP: 7/7
  1979 | D:2      | Reached XP level 4. HP: 30/38 MP: 4/8
  2456 | D:3      | Noticed spooks32's ghost (weakling TeWz)
  2475 | D:3      | Killed spooks32's ghost
  2668 | D:3      | Reached XP level 5. HP: 24/45 MP: 4/10
  2868 | D:3      | Learned a level 3 spell: Mephitic Cloud
  3732 | D:3      | Found a bloodstained altar of Trog.
  3786 | D:3      | Noticed Terence
  3812 | D:3      | Killed Terence
  4257 | D:4      | Noticed Edmund
  4319 | D:4      | Noticed Blork the orc
  4326 | D:5      | Entered Level 5 of the Dungeon
  4343 | D:5      | HP: 2/49 [Blork the orc/hand axe (2)]
  4344 | D:5      | Slain by Blork the orc

Skill      XL: |  1  2  3  4  5 |
---------------+----------------+-----
Fighting       | 1 2 3 |  3.1
Conjurations   | 2 3 |  3.8
Maces & Flails | |  0.2
Dodging        | |  1.5
Stealth        | |  3.0
Spellcasting   | |  3.3
Summonings     | |  1.1
Translocations | |  1.0

Action                   |  1- 3 |  4- 6 || total
-------------------------+-------+-------++-------
Melee: Club              |    80 |   122 ||   202
       Morningstar       |       |    23 ||    23
 Cast: Magic Dart        |    52 |    78 ||   130
       Call Imp          |     3 |     6 ||     9
       Blink             |       |     1 ||     1
 Abil: Spit Poison       |       |     2 ||     2
  Use: Scroll            |     2 |     9 ||    11
       Potion            |       |     6 ||     6
 Stab: Distracted        |     1 |       ||     1
       Sleeping          |     1 |       ||     1
  Eat: Bread ration      |     1 |     1 ||     2
       Meat ration       |       |     1 ||     1
Armor: Leather armour    |    25 |    59 ||    84
       Robe              |    10 |    25 ||    35
       Skin              |       |    22 ||    22
Dodge: Dodged            |    75 |   108 ||   183
